 Dungeon Crawl Stone Soup version 0.24.0-1-gfbc8707 (webtiles) character file.

Game seed: 17260867859457266610, levelgen mode: deterministic

2254 Geeful the Skirmisher (level 9, -2/93 HPs)
             Began as an Ogre Wanderer on Oct 30, 2019.
             Was a Follower of Wu Jian.
             Slain by a warg (12 damage)
             ... on level 8 of the Dungeon on Oct 31, 2019.
             The game lasted 00:25:31 (7855 turns).

Geeful the Skirmisher (Ogre Wanderer)               Turns: 7855, Time: 00:25:32

Health: -2/93      AC:  7    Str: 18    XL:     9   Next: 37%
Magic:  9/9        EV: 11    Int: 17    God:    Wu Jian [*.....]
Gold:   333        SH:  0    Dex:  7    Spells: 8/8 levels left

rFire    + . .     SeeInvis +   t - +2 flail (protect)
rCold    . . .     Gourm    .   (no shield)
rNeg     . . .     Faith    .   f - +1 robe
rPois    .         Spirit   .   (helmet restricted)
rElec    .         Reflect  .   g - +2 cloak
rCorr    .         Harm     .   (gloves unavailable)
MR       .....                  (boots unavailable)
Stlth    +++.......             (no amulet)
HPRegen  0.25/turn              s - ring of Zassiywa {rF+ SInv Stlth+}
MPRegen  0.11/turn              (no ring)

@: no status effects
A: large, unfitting armour, tough skin 1
a: Renounce Religion


You were on level 8 of the Dungeon.
You worshipped Wu Jian.
Wu Jian was aware of your devotion.
You were hungry.

You visited 2 branches of the dungeon, and saw 9 of its levels.

You collected 333 gold pieces.

Inventory:

Hand Weapons
 t - a +2 flail of protection (weapon)
Missiles
 b - a curare-tipped dart (quivered)
 m - 2 throwing nets
 y - 3 atropa-tipped darts
 B - 19 poisoned darts
Armour
 f - a +1 robe (worn)
 g - a +2 cloak (worn)
Jewellery
 n - an uncursed ring of flight
 o - an uncursed ring of ice
 p - an uncursed amulet of magic regeneration
 s - the ring of Zassiywa (left hand) {rF+ SInv Stlth+}
   (You found it on level 4 of the Dungeon)

   [ring of see invisible]

   It protects you from fire.
   It lets you see invisible.
   It makes you more stealthy.
Wands
 q - a wand of iceblast (4)
 u - a wand of flame (30)
Scrolls
 k - a scroll of enchant armour
 r - 2 scrolls of remove curse
 v - a scroll of enchant weapon
 w - a scroll of magic mapping
 z - a scroll of identify
 C - a scroll of teleportation
Potions
 a - a potion of agility
 c - 2 potions of brilliance
 e - a potion of curing
 h - a potion of ambrosia {unknown}
 i - a potion of invisibility {unknown}
 j - 2 potions of cancellation
 l - a potion of flight {unknown}
 x - a potion of might
Comestibles
 d - 10 rations


   Skills:
 + Level 7.4 Fighting
 * Level 6.5 Maces & Flails
   Level 1.3 Bows
 + Level 5.6 Throwing
 + Level 5.2 Dodging
 - Level 2.1 Stealth
 - Level 1.0 Unarmed Combat


You had 8 spell levels left.
You didn't know any spells.
Your spell library was empty.

Dungeon Overview and Level Annotations

Branches:
Dungeon (8/15)             Temple (1/1) D:5
   Lair: D:8-11

Altars:
Ashenzari
Cheibriados
Dithmenos
Elyvilon
Kikubaaqudgha
Makhleb
Okawaru
Qazlal
Ru
Sif Muna
Vehumet
Wu Jian
Yredelemnul

Annotations:
D:8 Joseph


Innate Abilities, Weirdness & Mutations

You are too large for most types of armour.
You have tough skin. (AC +1)


Message History

The giant cockroach closely misses you.
You feel better. The warg bites you!
* * * LOW HITPOINT WARNING * * *
The giant cockroach bites you but does no damage.
Throwing (i - inventory. (/) - cycle)
b - 3 curare-tipped darts (quivered)
Press: ? - help, Shift-Dir - straight line, f - warg
Aim: a warg (almost dead)
You throw a curare-tipped dart.
The curare-tipped dart barely misses the warg.
The warg closely misses you. The giant cockroach barely misses you.
Throwing (i - inventory. (/) - cycle)
b - 2 curare-tipped darts (quivered)
Press: ? - help, Shift-Dir - straight line, f/p - warg
Aim: a warg (almost dead)
You throw a curare-tipped dart. The curare-tipped dart hits the warg.
The warg is almost dead.
The warg bites you!
* * * LOW HITPOINT WARNING * * *
The giant cockroach bites you but does no damage.
You feel better. The warg bites you!
You die...

#...#..............
...................
.
#...#..............
.#
##..#######...##...
..# #.## #...#
.##.##. #.# ##...##
....... #.# #.....#
.....# #.#
##.....##s._..#.
#.#
#......h@.......
#......##.....#.
#......# #.#....
#.##.... ......
.......... ... #
≈≈≈≈≈≈≈≈≈≈ ....#
≈≈≈≈≈≈≈≈≈ ...#
≈≈≈≈### ...#


You could see a warg and a giant cockroach.

Vanquished Creatures
  A hornet (D:8)
  2 hippogriffs
  Sigmund (D:2)
  Eustachio (D:5)
  An orc warrior (D:6)
  A phantom (D:4)
  A hornet zombie (D:7)
  A centaur (D:7)
  An ogre (D:7)
  A bullfrog (D:7)
  A water moccasin zombie (D:6)
  A scorpion (D:7)
  2 electric eels (D:6)
  3 crimson imps (D:5)
  A centaur zombie (D:5)
  A hound (D:5)
  4 orc priests
  A bullfrog skeleton (D:8)
  2 orc wizards (D:7)
  3 iguanas
  Ijyb (D:3)
  4 worker ants
  5 adders
  2 gnolls
  A shadow imp (D:8)
  An ooze (D:5)
  A worm (D:2)
  4 dart slugs
  5 leopard geckos
  15 orcs
  8 bats
  2 giant cockroaches (D:3)
  5 goblins
  7 hobgoblins
  3 jackals (D:5)
  9 kobolds
  3 quokkas
  2 ball pythons
  A frilled lizard (D:4)
  A leopard gecko zombie (D:6)
  A quokka skeleton (D:6)
  A quokka zombie (D:5)
  8 rats
120 creatures vanquished.

Notes
Turn   | Place    | Note
-------+----------+-------------------------------------------
     0 | D:1      | Geeful the Ogre Wanderer began the quest for the Orb.
     0 | D:1      | Geeful set off with the following items: a +2 dagger, 4
                  | curare-tipped darts, a +0 shortbow, 21 arrows, a potion of
                  | curing, a +0 robe, a ration
     0 | D:1      | Reached XP level 1. HP: 19/19 MP: 1/1
   440 | D:1      | Reached XP level 2. HP: 28/28 MP: 2/2
   518 | D:1      | Reached skill level 2 in Fighting
  1201 | D:2      | Noticed Sigmund
  1301 | D:2      | Killed Sigmund
  1301 | D:2      | Reached skill level 3 in Fighting
  1301 | D:2      | Reached XP level 3. HP: 36/37 MP: 3/3
  1301 | D:2      | Reached XP level 4. HP: 45/46 MP: 4/4
  1301 | D:2      | Reached XP level 5. HP: 51/53 MP: 5/5
  2324 | D:3      | Reached XP level 6. HP: 59/62 MP: 6/6
  2521 | D:3      | Noticed Ijyb
  2555 | D:3      | Killed Ijyb
  2555 | D:3      | Reached skill level 4 in Fighting
  3535 | D:4      | Found a radiant altar of Vehumet.
  3836 | D:4      | Got a warped glass ring
  3837 | D:4      | Identified the ring of Zassiywa {rF+ SInv Stlth+} (You
                  | found it on level 4 of the Dungeon)
  3969 | D:5      | Entered Level 5 of the Dungeon
  4060 | D:5      | Reached XP level 7. HP: 70/71 MP: 7/7
  4147 | D:5      | Found a snail-covered altar of Cheibriados.
  4611 | D:5      | Found a staircase to the Ecumenical Temple.
  4618 | Temple   | Entered the Ecumenical Temple
  4627 | Temple   | Became a worshipper of the Wu Jian Council
  4708 | D:5      | Noticed Eustachio
  4929 | D:4      | Reached skill level 5 in Fighting
  5044 | D:5      | Killed Eustachio
  5044 | D:5      | Reached XP level 8. HP: 68/81 MP: 8/8
  5431 | D:6      | Found a transporter.
  5727 | D:6      | Found a shattered altar of Ashenzari.
  5814 | D:6      | Found a transporter.
  6092 | D:6      | Reached skill level 6 in Fighting
  6221 | D:7      | Found a shadowy altar of Dithmenos.
  6254 | D:7      | Reached skill level 5 in Maces & Flails
  6764 | D:7      | Noticed a hippogriff
  6779 | D:7      | Killed a hippogriff
  6779 | D:7      | Reached skill level 5 in Throwing
  7142 | D:7      | Reached XP level 9. HP: 84/92 MP: 9/9
  7397 | D:7      | Reached skill level 7 in Fighting
  7397 | D:7      | Reached skill level 5 in Dodging
  7680 | D:8      | Noticed Joseph
  7822 | D:8      | Noticed a hornet
  7829 | D:8      | Killed a hornet
  7831 | D:8      | Found a stormy altar of Qazlal.
  7837 | D:8      | Reached * piety under Wu Jian
  7850 | D:8      | HP: 4/93 [warg (11)]
  7855 | D:8      | Slain by a warg

Levels and vault maps discovered:
D:1:      lightli_arrival_boilingwater, layout_loops_ring, serial_rivers,
          chequers_serial_rivers_small_a, chequers_serial_rivers_micro_e,
          chequers_serial_rivers_large_a, chequers_serial_rivers_room_a
D:2:      minmay_kobold_bridge, layout_basic, first_ration,
          minmay_strange_pillars, uniq_sigmund
D:3:      layout_basic, uniq_ijyb
D:4:      layout_gridville, vehumet_altar_wand_db
D:5:      layout_cave_pods, minmay_temple_entry_drinking_statues, basic_altar,
          uniq_eustachio
D:6:      gammafunk_steamed_eel, layout_loops_ring, cheibrodos_ashenzari_chains
D:7:      layout_loops_ring, nicolae_dithmenos_through_a_glass_darkly
D:8:      lemuel_castle_with_subvaults [lemuel_castle_interior_carwin_3],
          layout_loops_cross, basic_altar, uniq_joseph
Temple:   compressed_dpeg_triangle_lava_temple

Skill      XL: |  1  2  3  4  5  6  7  8  9 |
---------------+----------------------------+-----
Fighting       | 3 4 5 6 7 |  7.4
Maces & Flails | 2 3 4 5 6 |  6.5
Throwing       | 2 3 4 5 |  5.6
Dodging        | 2 3 4 5 |  5.2
Bows           | |  1.3
Stealth        | |  2.1
Unarmed Combat | |  1.0

Action                   |  1- 3 |  4- 6 |  7- 9 || total
-------------------------+-------+-------+-------++-------
Melee: Dagger            |    70 |   202 |       ||   272
       Flail             |       |    39 |   272 ||   311
       Spear             |       |    22 |       ||    22
       Punch             |       |       |     3 ||     3
Throw: Dart              |     4 |     1 |    13 ||    18
       Throwing net      |     2 |       |       ||     2
Invok: Lunge             |       |       |    18 ||    18
Evoke: Wand              |       |       |     4 ||     4
  Use: Scroll            |     4 |     6 |     6 ||    16
       Potion            |     1 |       |     7 ||     8
 Stab: Sleeping          |     1 |     6 |     6 ||    13
  Eat: Ration            |     1 |       |     1 ||     2
       Chunk             |       |     6 |     9 ||    15
Armor: Robe              |    15 |    82 |   130 ||   227
Dodge: Dodged            |    45 |   138 |   158 ||   341
